 Dungeon Crawl Stone Soup version 0.29.0-4-gdea44cf6ec (webtiles) character file.

Game seed: 2623511869839420845

5 qw the Sneak (level 1, 0/14 HPs)
             Began as a Gargoyle Delver on Sept 10, 2022.
             Slain by a phantom (2 damage)
             ... on level 4 of the Dungeon.
             The game lasted 00:00:03 (171 turns).

qw the Sneak (Gargoyle Delver)                       Turns: 171, Time: 00:00:03

Health: 0/14       AC:  7    Str: 15    XL:     1   Next: 80%
Magic:  1/1        EV: 10    Int: 10    God:
Gold:   17         SH:  0    Dex: 11    Spells: 0/0 levels left

rFire   . . .      SeeInvis .   a - +0 hand axe
rCold   . . .      Faith    .   (no shield)
rNeg    + . .      Spirit   .   h - +0 ring mail
rPois   inf        Reflect  .   (no helmet)
rElec   +          Harm     .   (no cloak)
rCorr   .          Rampage  .   (no gloves)
Will    .....                   (no boots)
Stlth   ++........              (no amulet)
HPRegen 0.04/turn               (no ring)
MPRegen 0.07/turn               (no ring)

@: no status effects
A: sickness immunity, AC +2, negative energy resistance 1, electricity
resistance, torment resistance 1, petrification resistance
a: no special abilities


You were on level 4 of the Dungeon.
You visited 1 branch of the dungeon, and saw 2 of its levels.

You collected 17 gold pieces.


Innate Abilities, Weirdness & Mutations

You are immune to sickness and miasma.
Your stone body is resilient. (AC +2)
You are immune to poison.
You resist negative energy. (rN+)
You are resistant to electric shocks. (rElec)
You are resistant to unholy torment.
You are immune to petrification.


   Skills:
 - Level 3.2 Fighting
 + Level 2.2 Axes
 - Level 1.5 Dodging
 - Level 5.4 Stealth


You couldn't memorise any spells.
You didn't know any spells.
Your spell library was empty.

Inventory:

Hand Weapons
 a - a +0 hand axe (weapon)
Armour
 h - a +0 ring mail (worn)
Wands
 g - a wand of digging (3)
Potions
 f - a potion of haste

Dungeon Overview and Level Annotations

Branches:
Dungeon (5/15)
 Temple: D:4-7

Altars:


Message History

The hobgoblin is severely wounded.
You closely miss the goblin. You barely miss the phantom.
The phantom hits you but does no damage.
The hobgoblin hits you but does no damage.
The goblin closely misses you.
An orc comes into view. It is wielding a +0 dagger.
165 ||| Stepping ~*~*~tactically~*~*~ (stealth).
The phantom attacks as you move away!
The phantom hits you but does no damage.
Found a mace.
You closely miss the hobgoblin.
The hobgoblin is severely wounded.
The orc shouts!
You hit the phantom but do no damage.
The phantom hits you but does no damage.
The hobgoblin hits you.
You barely miss the hobgoblin.
The hobgoblin is severely wounded.
You barely miss the goblin. You miss the phantom.
The phantom hits you but does no damage.
The hobgoblin closely misses you. The goblin hits you with a +0 club.
You barely miss the hobgoblin.
The hobgoblin is severely wounded.
You hit the phantom but do no damage. You hit the goblin but do no damage.
The phantom hits you but does no damage.
The hobgoblin hits you. The goblin hits you but does no damage.
The hobgoblin closely misses you. The phantom hits you.
The phantom blinks!
You blink.
A hound comes into view.
You hit the phantom.
The phantom is lightly damaged.
The hound barks!
The phantom hits you but does no damage.
You barely miss the phantom.
The phantom is lightly damaged.
The phantom hits you but does no damage.
You hit the phantom.
The phantom is heavily damaged.
The phantom hits you.
You die...

.. .... .. ..... ..# #.
. #.# .. .. # #...
.#..# #. .. .#
#....###...# #.#. ...
#........### #... ....
#.#...gg>..###..##.....
###o........W........
#...........#@#
.............#.#
............###.h
.......##..## ....
....... ..# #....
...... .># #..#.#
#....# #... .


You could see a phantom and a hound.

Vanquished Creatures
  An ufetubus (D:5)
1 creature vanquished.

Notes
Turn   | Place    | Note
-------+----------+-------------------------------------------
     0 | D:5      | qw the Gargoyle Delver began the quest for the Orb.
     0 | D:5      | Reached XP level 1. HP: 14/14 MP: 1/1
     0 | D:5      | 0 ||| qw: Version: 0.1-a-116-g5d60599
     0 | D:5      | 0 ||| qw: Game counter: 7798
     0 | D:5      | 0 ||| qw: Always use a shield: true
     0 | D:5      | 0 ||| qw: God list: Okawaru
     0 | D:5      | 0 ||| qw: Allow faded altars: false
     0 | D:5      | 0 ||| qw: Do Orc after D:15 true
     0 | D:5      | 0 ||| qw: Do second Lair branch before Depths: true
     0 | D:5      | 0 ||| qw: Lair rune preference: random
     0 | D:5      | 0 ||| qw: Plans: Normal
     0 | D:5      | 0 ||| PLANNING D:1-11
   136 | D:5      | 136 ||| UPGRADING to +0 ring mail.
   146 | D:5      | 146 ||| DROPPING +0 leather armour.
   147 | D:5      | 147 ||| DROPPING scroll of fog.
   148 | D:5      | 148 ||| DROPPING scroll of magic mapping.
   149 | D:5      | 149 ||| DROPPING scroll of fear.
   159 | D:4      | Noticed a phantom
   165 | D:4      | 165 ||| Stepping ~*~*~tactically~*~*~ (stealth).
   168 | D:4      | HP: 2/14 [phantom (4)]
   168 | D:4      | Noticed a hound
   171 | D:4      | Slain by a phantom

Levels and vault maps discovered:
D:4:      layout_cave_pools, mainiacjoe_overflow_paths, general_overflow_altar,
          eino_tiny_chamber, uniq_duvessa
D:5:      layout_loops_ring, minmay_temple_entry_slanted

Skill      XL: |  1 |
---------------+----+-----
Axes           | 2 |  2.2
Fighting       | |  3.2
Dodging        | |  1.5
Stealth        | |  5.4

Action                   || total
-------------------------++-------
Melee: Hand axe          ||    13
Armor: Ring mail         ||    10
       Leather armour    ||     3
Dodge: Dodged            ||    12

Table legend:
 A = Non-vault XP
 B = Vault XP
 C = Vault XP percentage of total XP
 D = Non-vault monster count
 E = Vault monster count
 F = Vault count percentage of total count
                 A         B        C        D         E       F
            +---------+---------+-------+---------+---------+-------
      Total |       8 |       0 |   0.0 |       1 |       0 |   0.0
            +---------+---------+-------+---------+---------+-------
        D:5 |       8 |       0 |   0.0 |       1 |       0 |   0.0
            +---------+---------+-------+---------+---------+-------
